Map: Neon Violet Square LE

Players

Hendel

  • Race: Protoss Protoss
  • League: Gold
  • Spawn Location: 5:00

CinDra - Winner!

  • Race: Zerg Zerg
  • League: Silver
  • Spawn Location: 11:00

VOD

Have the link to the VOD?

Description

Time

  • Played on: Feb. 23, 2018, 7:48 p.m.
  • Length: 11:47
Show
View Real Time Build Order
Export as new Build Order

Hendel Protoss 

Build Orders:  

Get SALT Encoding   

  12  0:07  Probe  
  13  0:19  Probe  
  14  0:35  Pylon  
  14  0:40  Pylon  
  14  0:44  Probe  
  14  0:45  Assimilator  
  15  0:56  Probe (Chrono Boost)  
  16  1:00  Gateway  
  16  1:09  Probe (Chrono Boost)  
  17  1:16  Probe (Chrono Boost)  
  18  1:30  Probe (Chrono Boost)  
  20  1:41  Probe (Chrono Boost)  
  20  1:45  Probe (Chrono Boost)  
  20  1:49  Nexus  
  21  2:01  Cybernetics Core  
  21  2:09  Assimilator  
  21  2:29  Probe  
  22  2:50  Probe  
  23  2:55  Adept (Chrono Boost)  
  25  3:02  Probe  
  26  3:06  Robotics Facility  
  26  3:07  Probe  
  27  3:14  Probe  
  28  3:23  Pylon  
  28  3:32  Probe x2  
  28  3:33  Pylon  
  30  3:43  Nexus  
  30  3:46  Adept  
  32  3:48  Assimilator  
  32  3:49  Probe x2  
  34  4:01  Shield Battery  
  34  4:09  Immortal  
  34  4:13  Stalker (Chrono Boost)  
  40  4:40  Adept (Chrono Boost)  
  32  4:46  Probe x2  
  27  4:58  Probe x2  
  29  5:02  Stalker  
  31  5:10  Probe (Chrono Boost)  
  31  5:11  Probe (Chrono Boost)  
  33  5:20  Probe x2 (Chrono Boost)  
  35  5:25  Probe x2 (Chrono Boost)  
  37  5:36  Probe  
  37  5:42  Probe  
  39  5:44  Adept  
  39  5:48  Probe  
  41  5:54  Probe  
  42  6:01  Probe  
  43  6:06  Probe  
  44  6:11  Stalker  
  44  6:13  Probe  
  44  6:14  Robotics Bay  
  44  6:15  Probe  
  48  6:18  Probe  
  48  6:25  Probe  
  50  6:27  Probe (Chrono Boost)  
  50  6:29  Pylon  
  50  6:31  Shield Battery  
  52  6:35  Probe (Chrono Boost)  
  52  6:39  Probe (Chrono Boost)  
  54  6:42  Probe (Chrono Boost)  
  54  6:48  Robotics Facility, Probe (Chrono Boost)  
  56  6:54  Probe (Chrono Boost)  
  56  6:55  Probe x2 (Chrono Boost)  
  58  7:05  Probe x2 (Chrono Boost)  
  58  7:06  Probe (Chrono Boost)  
  61  7:10  Probe x2 (Chrono Boost)  
  61  7:14  Probe  
  63  7:17  Forge  
  63  7:19  Forge  
  63  7:20  Probe x2  
  66  7:27  Probe  
  66  7:29  Pylon  
  67  7:34  Pylon, Probe x2  
  69  7:39  Extended Thermal Lance, Probe  
  69  7:42  Protoss Ground Weapons Level 1  
  69  7:43  Colossus  
  76  7:46  Probe x2  
  76  7:48  Warp Prism  
  76  7:51  Probe  
  82  7:58  Probe x2  
  82  8:01  Adept  
  85  8:09  Protoss Ground Armor Level 1  
  85  8:11  Probe (Chrono Boost)  
  85  8:12  Probe (Chrono Boost)  
  88  8:14  Probe (Chrono Boost)  
  88  8:20  Assimilator  
  88  8:23  Probe x2 (Chrono Boost)  
  88  8:25  Assimilator  
  88  8:26  Assimilator  
  88  8:27  Probe (Chrono Boost)  
  91  8:28  Colossus  
  97  8:35  Probe  
  97  8:38  Pylon  
  98  8:42  Pylon  
  98  8:47  Probe  
  98  8:48  Pylon, Probe x2  
  101  8:57  Pylon  
  101  8:59  Adept, Probe  
  101  9:00  Probe x2  
  101  9:01  Warp Gate (Chrono Boost)  
  99  9:19  Photon Cannon  
  99  9:22  Photon Cannon  
  99  9:26  Adept  
  101  9:35  Pylon  
  100  9:42  Photon Cannon  
  98  10:01  Stalker  
  100  10:12  Photon Cannon  
  100  10:13  Photon Cannon  
  99  10:16  Probe x2  
  99  10:17  Probe  
  89  10:28  Probe x2  
  89  10:29  Probe  
  89  10:31  Stalker  
  76  10:40  Probe  
  76  10:41  Probe  
  76  10:43  Photon Cannon  
  76  10:45  Photon Cannon  
  76  10:47  Probe  
  77  10:50  Photon Cannon  
  77  10:53  Photon Cannon, Probe x2  
  77  10:55  Photon Cannon  
  77  10:59  Probe  
  77  11:01  Stalker  
  75  11:05  Probe  
  36  11:31  Photon Cannon  
  32  11:33  Probe x3  
  32  11:35  Photon Cannon  
Show
View Real Time Build Order
Export as new Build Order

CinDra Zerg - Winner!

Build Orders: Hatch First 

Get SALT Encoding   

  12  0:01  Drone  
  13  0:13  Overlord  
  13  0:18  Drone  
  14  0:31  Drone x2  
  17  0:35  Drone  
  17  0:56  Drone  
  18  0:58  Hatchery  
  18  1:03  Drone  
  18  1:09  Drone  
  19  1:18  Drone  
  20  1:25  Spawning Pool  
  19  1:27  Extractor  
  19  1:28  Drone  
  19  1:39  Drone  
  20  1:59  Drone  
  21  2:12  Zergling x2  
  21  2:13  Zergling x4, Queen x2  
  28  2:20  Overlord  
  28  2:39  Drone x3  
  28  2:42  Overlord  
  31  2:49  Drone  
  32  2:56  Metabolic Boost  
  32  2:58  Drone x2  
  32  3:02  Extractor  
  32  3:04  Drone  
  34  3:08  Roach Warren  
  33  3:21  Drone x3  
  35  3:31  Zergling x12  
  41  3:36  Queen  
  41  3:37  Overlord  
  43  3:47  Overlord  
  43  3:48  Zergling x2  
  43  3:52  Overlord  
  43  4:17  Hatchery  
  42  4:24  Drone x3  
  41  4:50  Drone  
  41  4:51  Drone x4  
  42  5:00  Lair  
  42  5:01  Roach x4  
  42  5:02  Roach  
  52  5:08  Drone x2  
  52  5:14  Roach  
  56  5:21  Pneumatized Carapace  
  56  5:33  Drone x2  
  56  5:34  Drone x8  
  66  5:38  Extractor  
  66  5:40  Extractor  
  66  5:42  Zergling x4  
  66  5:56  Zergling x8  
  70  6:00  Drone x2  
  70  6:01  Drone x2  
  70  6:03  Overlord x4  
  74  6:07  Glial Reconstitution  
  74  6:15  Spire  
  73  6:31  Drone x2  
  73  6:32  Drone x4  
  79  6:43  Evolution Chamber  
  79  6:46  Zergling x2  
  79  6:47  Overlord x2, Zergling x12, Evolution Chamber  
  83  6:48  Overlord x2  
  83  6:49  Zergling x2  
  85  6:56  Drone x2  
  87  7:18  Drone  
  87  7:19  Drone x4  
  92  7:26  Roach, Mutalisk  
  92  7:27  Roach x4, Mutalisk  
  106  7:30  Extractor  
  106  7:32  Drone, Extractor  
  106  7:33  Drone  
  106  7:38  Zerg Ground Armor Level 1, Zerg Missile Weapons Level 1, Zerg Flyer Armor Level 1  
  106  7:41  Mutalisk x3  
  112  7:53  Spire  
  111  7:59  Drone  
  111  8:00  Drone x8  
  111  8:04  Hatchery  
  119  8:07  Roach  
  119  8:10  Drone x3  
  122  8:14  Mutalisk x2  
  122  8:15  Mutalisk x2  
  130  8:24  Ravager  
  130  8:28  Overseer x2  
  130  8:52  Mutalisk x4  
  138  9:09  Overlord x2  
  138  9:10  Overlord x12  
  138  9:25  Mutalisk x2  
  138  9:26  Mutalisk  
  144  9:55  Mutalisk x4  
  144  9:56  Mutalisk x4  
  149  10:30  Mutalisk x5  
  154  10:37  Zergling x14  
  154  10:39  Queen  
  154  10:42  Drone  
  164  10:43  Drone x2  
  164  10:49  Zergling x2  
Tags
 
Add a new tag
Caveats
  • Supply blocks, unpowered buildings, or Contaminate may cause inaccurate times.
  • Supply counts are checked every 10 seconds.